 Dungeon Crawl Stone Soup version 0.30.0-3-ga4e48a9924 (webtiles) character file.

Game seed: 4415791378026289689

233 Kaboulah the Trooper (level 6, -5/48 HPs)
             Began as a Human Wanderer on May 7, 2023.
             Splashed by a jelly's acid (10 damage)
             ... on level 3 of the Dungeon.
             The game lasted 00:31:54 (3460 turns).

Kaboulah the Trooper (Human Wanderer)               Turns: 3460, Time: 00:31:55

Health: -5/48      AC:  8    Str: 14    XL:     6   Next: 25%
Magic:  6/6        EV:  9    Int: 10    God:
Gold:   252        SH:  4    Dex: 15    Spells: 5/5 levels left

rFire   . . .        x - +2 mace (holy)
rCold   . . .        s - +0 buckler
rNeg    . . .        o - +0 scale mail
rPois   .            w - +0 helmet
rElec   .            (no cloak)
rCorr   .            n - +0 pair of gloves
SInv    .            (no boots)
Will    .....        (no amulet)
Stlth   +            g - ring of flight
HPRegen 0.28/turn    (no ring)
MPRegen 0.10/turn

%: no passive effects
@: flying
A: no striking features
a: no special abilities


You were on level 3 of the Dungeon.
You visited 1 branch of the dungeon, and saw 4 of its levels.

You collected 252 gold pieces.

Inventory:

Hand Weapons
 c - a +0 long sword
 x - a +2 mace of holy wrath (weapon)
Missiles
 y - 3 boomerangs (quivered)
Armour
 j - an orb of energy
 n - a +0 pair of gloves (worn)
 o - a +0 scale mail (worn)
 s - a +0 buckler (worn)
 w - a +0 helmet (worn)
Jewellery
 g - a ring of flight (left hand)
Wands
 d - a wand of digging (4)
 r - a wand of polymorph (10)
 t - a wand of quicksilver (5)
Scrolls
 f - a scroll of fog {unknown}
 i - a scroll of enchant armour {unknown}
 u - 2 scrolls of magic mapping {unknown}
Potions
 e - a potion of lignification
 h - 3 potions of curing
 k - a potion of attraction {unknown}
 l - a potion of haste {unknown}
 m - 2 potions of brilliance {unknown}
 p - a potion of berserk rage
 q - 2 potions of heal wounds {unknown}


   Skills:
 * Level 4.1 Fighting
 - Level 1.3(2.8) Maces & Flails
 - Level 4.0(4.1) Staves
 * Level 1.4 Throwing
 + Level 2.1 Armour
 * Level 2.7 Dodging
 - Level 2.0 Stealth
 * Level 1.0 Shields


You had 5 spell levels left.
You didn't know any spells.
Your spell library contained the following spells:

 Spells                   Type           Power      Damage    Failure   Level
 Hailstorm                Conj/Ice       0%         3d3       100%        3
 Ice Form                 Ice/Tmut       0%         N/A       100%        4
 Simulacrum               Ice/Necr       0%         N/A       100%        6


Dungeon Overview and Level Annotations

Branches:
Dungeon (4/15)
 Temple: D:4-7

Altars:
Okawaru


Message History

You completely miss the gnoll.
The gnoll is heavily wounded.
The gnoll hits you from afar with a +0 spear. x3
The gnoll hits you but does no damage. The gnoll barely misses you.
Found a stone staircase leading up.
A jelly and a kobold come into view.
The jelly quivers.
The kobold shouts!
The kobold throws a stone.
The stone barely misses you.
The kobold throws a stone.
The stone hits you but does no damage. The jelly hits you.
You are splashed with acid!
* * * LOW HITPOINT WARNING * * *
The kobold hits you but does no damage. The kobold barely misses you.
The jelly attacks as you move away! The jelly closely misses you.
The kobold completely misses you.
The kobold hits you with a +0 short sword.
* * * LOW HITPOINT WARNING * * *
The gnoll hits you from afar with a +0 spear.
* * * LOW HITPOINT WARNING * * *
There is a stone staircase leading up here.
You block the kobold's attack. The jelly hits you but does no damage.
The gnoll hits you but does no damage.
You fly upwards.
There is a stone staircase leading down here.
You hit the jelly.
Your hands burn!
* * * LOW HITPOINT WARNING * * *
The jelly is lightly wounded.
The kobold barely misses you. The jelly hits you but does no damage.
The kobold hits you but does no damage. The jelly closely misses you.
You sock the jelly!
Your hands burn!
* * * LOW HITPOINT WARNING * * *
The jelly is moderately wounded.
The kobold hits you with a +0 short sword.
* * * LOW HITPOINT WARNING * * *
The jelly hits you.
* * * LOW HITPOINT WARNING * * *
You are splashed with acid!
You die...

#..# #.#########.....# #..# #.#
#.#.#.# #..# #.# #.#.#.# #..##
#.# #####.#.#.. #...# #.#
#........## ##..####### #.#
#.###.#### ###..#.....#
#.#####.###.#
.....#.###.######.##........#
###.##.# #.....J@.##.##.#####
#.##.####....K#.....#.#
#.##......###.#.##..#.#
#.#.....#####.#.##..#.#########
###.#.###.#.....#.##..#.#........
....#.....###.#.#.##..#.#.#######
########..###.###.##..#.#.# ..#
#..#.......#####.#.#
..######..#.#.###### #.#.#


You could see a jelly and a kobold.

Vanquished Creatures
  A scorpion (D:4)
  Jessica (D:2)
  Terence (D:2)
  Robin (D:3)
  An adder (D:3)
  2 worms
  2 dart slugs (D:2)
  5 orcs (D:4)
  4 endoplasms
  2 giant cockroaches (D:2)
  22 goblins
  11 hobgoblins
  10 jackals
  4 quokkas
  4 ball pythons (D:1)
  2 bats (D:3)
  3 frilled lizards (D:1)
  3 kobolds
  2 rats
81 creatures vanquished.

Notes
Turn   | Place    | Note
-------+----------+-------------------------------------------
     0 | D:1      | Kaboulah the Human Wanderer began the quest for the Orb.
     0 | D:1      | Kaboulah set off with the following items: a +2
                  | quarterstaff, a +0 mace, a +0 helmet, a scroll of
                  | vulnerability, a +0 leather armour.
     0 | D:1      | Reached XP level 1. HP: 16/16 MP: 1/1
   256 | D:1      | Reached skill level 1 in Dodging
   256 | D:1      | Reached XP level 2. HP: 21/22 MP: 2/2
   689 | D:1      | Reached XP level 3. HP: 26/28 MP: 3/3
   970 | D:2      | Noticed Terence
   992 | D:2      | Killed Terence
   993 | D:2      | Reached skill level 1 in Armour
   993 | D:2      | Reached XP level 4. HP: 11/35 MP: 4/4
  1211 | D:2      | Noticed Jessica
  1218 | D:2      | Killed Jessica
  1591 | D:2      | Reached XP level 5. HP: 41/41 MP: 5/5
  1852 | D:3      | Found an iron altar of Okawaru.
  2283 | D:3      | Noticed Robin
  2458 | D:3      | Killed Robin
  3291 | D:4      | Reached skill level 1 in Shields
  3291 | D:4      | Reached XP level 6. HP: 35/48 MP: 6/6
  3460 | D:3      | Splashed by a jelly's acid

Illustrated notes

Levels and vault maps discovered:
D:1:      arrival_zaba_pyramid, layout_basic, minmay_misc_feat_cross,
          grunt_decor_fettered, minmay_misc_feat_ornament,
          minmay_misc_feat_more_columns
D:2:      layout_basic, uniq_terence, uniq_jessica
D:3:      kennysheep_goblin_castle, layout_basic, kennysheep_okawaru_gauntlet,
          nicolae_figureground_sparkle
D:4:      layout_gridville, nicolae_gozag_cash_rules_everything_around_me,
          st_stairs_13

Skill      XL: |  1  2  3  4  5 |
---------------+----------------+-----
Dodging        | 1 2 |  2.7
Fighting       | 3 4 |  4.1
Armour         | 1 2 |  2.1
Shields        | 1 |  1.0
Maces & Flails | |  1.3
Staves         | |  4.0
Throwing       | |  1.4
Stealth        | |  2.0

Action                     |  1- 3 |  4- 6 || total
---------------------------+-------+-------++-------
  Melee: Quarterstaff      |    86 |    32 ||   118
         Mace              |       |   135 ||   135
         Long sword        |       |    40 ||    40
  Throw: Stone             |     4 |     7 ||    11
    Use: Potion            |     1 |       ||     1
         Scroll            |       |     2 ||     2
   Stab: Sleeping          |     1 |       ||     1
 Armour: Ring mail         |    46 |       ||    46
         Scale mail        |       |   153 ||   153
  Dodge: Dodged            |    44 |   139 ||   183
  Block: Buckler           |       |    38 ||    38
